 Dungeon Crawl Stone Soup version 0.18.1-48-g4cf74bf (webtiles) character file.

21 tyranidshit the Skirmisher (level 2, 0/25 HPs)
             Began as a Demonspawn Abyssal Knight on Sept 8, 2016.
             Was a Follower of Lugonu.
             Slain by a gnoll
             ... wielding a +0 whip
              (4 damage)
             ... on level 1 of the Dungeon.
             The game lasted 00:01:26 (497 turns).

tyranidshit the Skirmisher (DsAK)                    Turns: 497, Time: 00:01:27

Health: 0/25       AC:  3    Str: 12    XL:     2   Next: 62%
Magic:  3/3        EV: 11    Int: 13    God:    Lugonu [*.....]
Gold:   0          SH:  0    Dex: 12    Spells: 0 memorised, 1 level left

rFire  . . .     SeeInvis .     a - +1 hand axe
rCold  . . .     Gourm    .     b - +0 leather armour
rNeg   . . .     Faith    .     (no shield)
rPois  .         Spirit   .     (no helmet)
rElec  .         Dismiss  .     (no cloak)
rCorr  .         Reflect  .     (no gloves)
SustAt .         Harm     .     (no boots)
MR     .....                    (no amulet)
Stlth  +.........               (no ring)
                                (no ring)

@: not resistant to hostile enchantments, very unstealthy
A: powered by pain 1
a: Depart the Abyss, Renounce Religion


You were on level 1 of the Dungeon.
You worshipped Lugonu.
Lugonu was aware of your devotion.
You were not hungry.

You visited 1 branch of the dungeon, and saw 1 of its levels.
You visited the Abyss 1 time.

Inventory:

Hand Weapons
 a - a +1 hand axe (weapon)
Armour
 b - a +0 leather armour (worn)
Books
 d - a book of the Tempests

   Spells                             Type                      Level
   a - Static Discharge               Conjuration/Air              3
   b - Lightning Bolt                 Conjuration/Air              5
   c - Fireball                       Conjuration/Fire             5
   d - Tornado                        Air                          9
   e - Shatter                        Earth                        9
Comestibles
 c - a bread ration


   Skills:
 + Level 4.0 Fighting
 - Level 1.7 Axes
 - Level 1.7 Armour
 - Level 0.8 Dodging
 - Level 2.4 Invocations


You had one spell level left.
You didn't know any spells.

Dungeon Overview and Level Annotations

Branches:
Dungeon (1/15)

Altars:


Innate Abilities, Weirdness & Mutations

You sometimes gain a little power by taking damage.


Message History

The stone misses you.
You hit the gnoll.
The gnoll is heavily wounded.
You hit the hobgoblin.
The hobgoblin is severely wounded.
The gnoll closely misses you. The hobgoblin hits you with a club.
You closely miss the hobgoblin.
The hobgoblin is severely wounded.
You hit the gnoll but do no damage.
The gnoll is heavily wounded.
The gnoll hits you with a whip. The hobgoblin hits you with a club.
* * * LOW HITPOINT WARNING * * *
The gnoll hits you with a whip.
* * * LOW HITPOINT WARNING * * *
You are too injured to fight recklessly!
You are too injured to fight recklessly!
You are too injured to fight recklessly!
Unknown command.
The gnoll hits you with a whip.
You die...

#..........#.##..##......##
##########.#...............
#.##########<>####
#.................
########(..####.##
###############...####.##
.......†((...............
.......g##############.#.
.......K@..(.... #.#.
.......g....#### #.#.
........###.# #.#.
.......s. # #.#. ........#
#.#. ......... ..#.
......... ###. .........


You could see a gnoll, a giant cockroach, a hobgoblin and a kobold.

Vanquished Creatures
  3 dart slugs (D:1)
  A giant gecko (D:1)
  A giant cockroach (D:1)
  3 hobgoblins (D:1)
  2 jackals (D:1)
  2 bats (D:1)
  A kobold (D:1)
13 creatures vanquished.

Notes
Turn   | Place    | Note
--------------------------------------------------------------
     0 | Abyss:1  | tyranidshit the Demonspawn Abyssal Knight began the quest for the Orb.
     0 | Abyss:1  | Reached XP level 1. HP: 18/18 MP: 2/2
    45 | Abyss:1  | Noticed a sky beast
    51 | Abyss:1  | Noticed a small abomination
    64 | Abyss:2  | Found a roughly hewn altar of Beogh.
    68 | Abyss:2  | Noticed a ynoxinul
    92 | D:1      | Escaped the Abyss
   311 | D:1      | Gained mutation: You sometimes gain a little power by taking damage. [demonic ancestry]
   311 | D:1      | Reached XP level 2. HP: 22/24 MP: 3/3
   325 | D:1      | Reached * piety under Lugonu
   489 | D:1      | Reached skill level 4 in Fighting
   497 | D:1      | Slain by a gnoll

Skill      XL: |  1  2 |
---------------+-------+-----
Fighting       | 4 |  4.0
Axes           | |  1.7
Armour         | |  1.7
Dodging        | |  0.8
Invocations    | |  2.4

Action                   || total
-------------------------++-------
Melee: Hand axe          ||    37
Invok: Depart the Abyss  ||     1
  Use: Scroll            ||     1
Armor: Leather armour    ||    11
Dodge: Dodged            ||    27
